 Dungeon Crawl Stone Soup version 0.26-a0-21-gf97e55dc39 (webtiles) character file.

Game seed: 7321673709491766178, levelgen mode: classic

205 Amnesiac the Vexing (level 6, 0/43 HPs)
             Began as a Formicid Arcane Marksman on May 26, 2020.
             Slain by a gnoll
             ... wielding a +0 spear
              (3 damage)
             ... on level 2 of the Dungeon.
             The game lasted 00:06:08 (1981 turns).

Amnesiac the Vexing (Formicid Arcane Marksman)      Turns: 1981, Time: 00:06:09

Health: 0/43       AC:  2    Str: 16    XL:     6   Next: 9%
Magic:  6/9        EV: 12    Int: 13    God:
Gold:   89         SH:  0    Dex: 11    Spells: 2/9 levels left

rFire    . . .     SeeInvis +   a - +0 hand crossbow
rCold    . . .     Gourm    .   (no shield)
rNeg     . . .     Faith    .   e - +0 robe
rPois    .         Spirit   .   (helmet unavailable)
rElec    .         Reflect  .   (no cloak)
rCorr    .         Harm     .   (no gloves)
MR       .....                  (no boots)
Stlth    +.........             (no amulet)
HPRegen  0.14/turn              g - ring of wizardry
MPRegen  0.11/turn              (no ring)

@: liquefying, slowed movement, very slow
A: permanent stasis, dig shafts and tunnels, four strong arms, antennae 3
a: Dig, Shaft Self


You were on level 2 of the Dungeon.
You were not hungry.

You visited 1 branch of the dungeon, and saw 2 of its levels.

You collected 89 gold pieces.

Inventory:

Hand Weapons
 a - a +0 hand crossbow (weapon)
 b - a +0 spear of venom
Missiles
 d - 26 bolts (quivered)
 i - 38 stones
Armour
 e - a +0 robe (worn)
Jewellery
 g - a ring of wizardry (left hand)
Wands
 n - a wand of polymorph (5)
Scrolls
 c - 2 scrolls of identify {!r, unknown}
 h - a scroll of blinking {!r, unknown}
 k - 3 scrolls of remove curse {!r, unknown}
Potions
 j - a potion of heal wounds {!q, unknown}
Comestibles
 f - 5 rations
 l - 5 chunks of flesh


   Skills:
 + Level 1.5 Fighting
 * Level 4.0 Crossbows
 - Level 1.7 Dodging
 - Level 2.0 Spellcasting
 - Level 5.0 Hexes
 - Level 2.5 Earth Magic


You had 2 spell levels left.
You knew the following spells:

 Your Spells              Type           Power        Failure   Level  Hunger
a - Corona                Hex            ##.....      1%          1    ##.....
b - Leda's Liquefaction   Hex/Erth       ##........   21%         4    #####..
e - Slow                  Hex            ##......     1%          2    ###....

Your spell library contained the following spells:

 Spells                   Type           Power        Failure   Level  Hunger
 Inner Flame              Hex/Fire       #.......     11%         3    ####...
 Portal Projectile        Hex/Tloc       #.....       11%         3    ####...
 Cause Fear               Hex            ##........   13%         4    #####..


Dungeon Overview and Level Annotations

Branches:
Dungeon (2/15)

Altars:
Nemelex Xobeh
Ru
Trog
Xom
The Shining One


Innate Abilities, Weirdness & Mutations

You cannot be hasted, slowed, berserked, paralysed or teleported.
You can dig through walls and to a lower floor.
Your four strong arms can wield two-handed weapons with a shield.
You have a pair of large antennae on your head. (SInv)


Message History

Press: ? - help, Shift-Dir - straight line, f - gnoll
Aim: a gnoll, wielding a +0 spear You shoot a bolt.
The bolt closely misses the gnoll.
The bolt hits the gnoll.
The gnoll is lightly wounded.
The gnoll barely misses you.
Firing (i - inventory. (/) - cycle)
d - 32 bolts (quivered)
Press: ? - help, Shift-Dir - straight line, f/p - gnoll
Aim: a gnoll, wielding a +0 spear You shoot a bolt.
The bolt barely misses the gnoll. x2
The gnoll barely misses you.
The gnoll hits you from afar with a +0 spear!
Firing (i - inventory. (/) - cycle)
d - 31 bolts (quivered)
Press: ? - help, Shift-Dir - straight line, f/p - gnoll
Aim: a gnoll, wielding a +0 spear You shoot a bolt.
The bolt hits the gnoll but does no damage.
The gnoll barely misses you.
Firing (i - inventory. (/) - cycle)
d - 30 bolts (quivered)
Press: ? - help, Shift-Dir - straight line, f/p - gnoll
Aim: a gnoll, wielding a +0 spear You shoot a bolt.
The bolt hits the gnoll but does no damage.
The gnoll hits you from afar with a +0 spear!
Firing (i - inventory. (/) - cycle)
d - 29 bolts (quivered)
Press: ? - help, Shift-Dir - straight line, f/p - gnoll
Aim: a gnoll, wielding a +0 spear You shoot a bolt.
The bolt closely misses the gnoll.
The bolt hits the gnoll.
The gnoll is lightly wounded.
The gnoll barely misses you. The gnoll misses you.
Casting: Corona (safe; 1% risk of failure)
Confirm with . or Enter, or press ? or * to list all spells.
Okay, then.
Casting: Corona (safe; 1% risk of failure)
Confirm with . or Enter, or press ? or * to list all spells.
Okay, then.
Casting: Corona (safe; 1% risk of failure)
Confirm with . or Enter, or press ? or * to list all spells.
The ground around you becomes liquefied!
The gnoll becomes momentarily stuck in the liquid earth.
Unknown command.
Firing (i - inventory. (/) - cycle)
d - 28 bolts (quivered)
Press: ? - help, Shift-Dir - straight line, f/p - gnoll
Aim: a gnoll, wielding a +0 spear (covering ground slowly)
You shoot a bolt. The bolt hits the gnoll.
The gnoll is lightly wounded.
The gnoll hits you from afar with a +0 spear!
* * * LOW HITPOINT WARNING * * *
Firing (i - inventory. (/) - cycle)
d - 27 bolts (quivered)
Press: ? - help, Shift-Dir - straight line, f/p - gnoll
Aim: a gnoll, wielding a +0 spear (lightly wounded, covering ground slowly)
You shoot a bolt. The bolt closely misses the gnoll.
The bolt barely misses the gnoll.
The bolt hits the gnoll.
The gnoll is heavily wounded.
The gnoll hits you from afar with a +0 spear!
* * * LOW HITPOINT WARNING * * *
Unknown command.
The gnoll misses you.
The gnoll hits you from afar with a +0 spear.
* * * LOW HITPOINT WARNING * * *
Really quaff
m - a glowing black potion {!q}?
It was a potion of haste {!q}.
Your stasis prevents you from being hasted.
The gnoll hits you from afar with a +0 spear.
You die...

#g #.###..###.##.#.......รท. #g
#.# #..# #.##.#..#####.# #.
#.###..###.##.#...## #.# #g
#.........<##......###.# #.
###.................##.# #{######
#..#...............#.# #.g{g..#
#..#####.............#
######.#####..#####.#.........###
#((((...gg.@...##.......## #
#######.g#########.....## # #..#
##...## # #..# ##.## # #..# #.# #
#... #.# # #.### .# #.#


You could see 3 gnolls.

Vanquished Creatures
  Natasha (thrice) (D:2 D:1)
  Robin (D:2)
  4 gnolls (D:2)
  An ooze (D:1)
  2 worms (D:2)
  A dart slug (D:1)
  3 leopard geckos
  6 bats
  4 giant cockroaches
  12 goblins
  9 hobgoblins
  5 jackals
  A quokka (D:2)
  A frilled lizard (D:1)
  5 kobolds
  7 rats (D:1)
65 creatures vanquished.

Notes
Turn   | Place    | Note
-------+----------+-------------------------------------------
     0 | D:1      | Amnesiac the Formicid Arcane Marksman began the quest for
                  | the Orb.
     0 | D:1      | Reached XP level 1. HP: 15/15 MP: 2/2
    96 | D:1      | Reached XP level 2. HP: 21/21 MP: 2/4
   175 | D:1      | Reached XP level 3. HP: 26/26 MP: 3/5
   179 | D:1      | Learned a level 2 spell: Slow
   635 | D:2      | Noticed Natasha
   643 | D:2      | Killed Natasha
   643 | D:2      | Reached skill level 4 in Hexes
   643 | D:2      | Reached XP level 4. HP: 19/32 MP: 3/6
   643 | D:2      | Noticed Natasha
   917 | D:2      | Found a sacrificial altar of Ru.
   917 | D:2      | Found a sparkling altar of Nemelex Xobeh.
   919 | D:2      | Noticed Robin
   963 | D:2      | Killed Robin
  1004 | D:2      | Reached XP level 5. HP: 32/37 MP: 6/8
  1010 | D:2      | Learned a level 4 spell: Leda's Liquefaction
  1049 | D:2      | Reached skill level 1 in Earth Magic
  1063 | D:2      | HP: 1/37 [gnoll/+0 spear (10)]
  1372 | D:1      | Killed Natasha
  1528 | D:1      | Noticed Natasha
  1535 | D:1      | Killed Natasha
  1677 | D:2      | Found a bloodstained altar of Trog.
  1678 | D:2      | Found a shimmering altar of Xom.
  1679 | D:2      | Found a glowing golden altar of the Shining One.
  1691 | D:2      | Reached XP level 6. HP: 35/43 MP: 9/9
  1808 | D:2      | Reached skill level 5 in Hexes
  1981 | D:2      | Slain by a gnoll

Illustrated notes

Levels and vault maps discovered:
D:1:      psy_arrival_basics, layout_rooms, hangedman_decor_diamond_cutter,
          serial_park_tiny_1, minmay_small_reverse_x
D:2:      layout_loops_ring, grunt_temple_overflow_open, uniq_robin,
          uniq_natasha

Skill      XL: |  1  2  3  4  5  6 |
---------------+-------------------+-----
Crossbows      | 3 4 |  4.0
Hexes          | 4 5 |  5.0
Spellcasting   | 2 |  2.0
Earth Magic    | 2 |  2.5
Fighting       | |  1.5
Dodging        | |  1.7

Action                   |  1- 3 |  4- 6 || total
-------------------------+-------+-------++-------
Melee: Spear             |       |    60 ||    60
 Fire: Hand crossbow     |    52 |    55 ||   107
 Cast: Corona            |    25 |    10 ||    35
       Leda's Liquefacti |       |     2 ||     2
  Use: Potion            |       |     1 ||     1
  Eat: Chunk             |       |     5 ||     5
Armor: Robe              |     6 |    16 ||    22
Dodge: Dodged            |    18 |    71 ||    89

Table legend:
 A = Non-vault XP
 B = Vault XP
 C = Vault XP percentage of total XP
 D = Non-vault monster count
 E = Vault monster count
 F = Vault count percentage of total count
                 A         B        C        D         E       F
            +---------+---------+-------+---------+---------+-------
      Total |     215 |      78 |  26.6 |      48 |      17 |  26.2
            +---------+---------+-------+---------+---------+-------
        D:1 |     126 |       7 |   5.3 |      31 |       4 |  11.4
        D:2 |      89 |      71 |  44.4 |      17 |      13 |  43.3
            +---------+---------+-------+---------+---------+-------
